 Dungeon Crawl Stone Soup version 0.20.0-15-g7f486f2 (webtiles) character file.

114 sankara the Insei (level 4, -5/37 HPs)
             Began as a Draconian Transmuter on June 25, 2017.
             Slain by a bullfrog (8 damage)
             ... on level 3 of the Dungeon.
             The game lasted 00:05:41 (2545 turns).

sankara the Insei (Draconian Transmuter)            Turns: 2545, Time: 00:05:42

Health: -5/37      AC:  5    Str: 12    XL:     4   Next: 66%
Magic:  6/7        EV: 12    Int: 13    God:
Gold:   78         SH:  0    Dex: 13    Spells: 1/7 levels left

rFire    . . .     SeeInvis .     - Unarmed
rCold    . . .     Gourm    .   (no shield)
rNeg     . . .     Faith    .   (armour unavailable)
rPois    .         Spirit   .   (helmet restricted)
rElec    .         Reflect  .   (no cloak)
rCorr    .         Harm     .   (no gloves)
MR       .....                  (no boots)
Stlth    +.........             g - amulet of regeneration
Regen    0.6/turn               e - ring of wizardry
MPRegen  0.1/turn               (no ring)

@: no status effects
A: unfitting armour, cold-blooded, AC +5
a: no special abilities


You were on level 3 of the Dungeon.
You were hungry.

You visited 1 branch of the dungeon, and saw 3 of its levels.

You collected 78 gold pieces.

Inventory:

Missiles
 a - 56 arrows
Jewellery
 e - a ring of wizardry (left hand)
 g - an amulet of regeneration (around neck)
Wands
 j - a wand of iceblast (10/15)
Potions
 d - 2 potions of curing {unknown}
 i - a potion of flight {unknown}
 k - a potion of lignification {unknown}
 m - a potion of might {unknown}
Books
 b - a book of Changes

   Spells                             Type                      Level
   a - Beastly Appendage              Transmutation                1
   b - Sticks to Snakes               Transmutation                2
   c - Spider Form                    Transmutation/Poison         3
   d - Ice Form                       Ice/Transmutation            4
   e - Blade Hands                    Transmutation                5
Comestibles
 c - 2 bread rations
 f - a royal jelly
 h - a meat ration
 l - 6 chunks of flesh


   Skills:
 + Level 2.7 Fighting
 + Level 1.7 Dodging
 * Level 4.3 Unarmed Combat
 - Level 2.0 Spellcasting
 + Level 3.0 Transmutations


You had one spell level left.
You knew the following spells:

 Your Spells              Type           Power        Failure   Level  Hunger
a - Beastly Appendage     Tmut           #.....       3%          1    ##.....
b - Sticks to Snakes      Tmut           #.......     4%          2    ###....
c - Spider Form           Tmut/Pois      #.........   16%         3    ####...


Dungeon Overview and Level Annotations

Branches:
Dungeon (3/15)

Altars:
Qazlal
Xom


Innate Abilities, Weirdness & Mutations

Your plain brown scales are hard. (AC +5)
You cannot fit into any form of body armour.
You are cold-blooded and may be slowed by cold attacks.


Message History

You are too injured to fight recklessly!
You are too injured to fight recklessly!
You are too injured to fight recklessly!
You are too injured to fight recklessly!
You closely miss the bullfrog.
The bullfrog is severely wounded.
The bullfrog misses you. The bullfrog hits you!
* * * LOW HITPOINT WARNING * * *
You hit the bullfrog.
The bullfrog is almost dead.
The bullfrog hits you.
* * * LOW HITPOINT WARNING * * *
You barely miss the bullfrog. You tail-slap the bullfrog.
The bullfrog is almost dead.
The bullfrog barely misses you. The bullfrog hits you.
* * * LOW HITPOINT WARNING * * *
You barely miss the bullfrog.
The bullfrog is almost dead.
The bullfrog hits you!
You die...

+...+ #...# #..=#
#...# ##### #...#
### ##...###...#
...# ##.....##...#
..[..
#.......#...#......
#.......'.@F)....!(
#.......#...#......
##.....##...# .....
##...##....# ...#
#####.....# ###
#.....# #######


You could see a bullfrog.

Vanquished Creatures
  7 adders (D:2)
  An ooze (D:1)
  A worm (D:3)
  A dart slug (D:1)
  2 orcs (D:3)
  A ball python (D:1)
  A giant cockroach (D:3)
  6 goblins
  5 hobgoblins
  3 quokkas
  4 bats
  4 frilled lizards
  4 kobolds
  5 rats
45 creatures vanquished.

Notes
Turn   | Place    | Note
-------+----------+-------------------------------------------
     0 | D:1      | sankara the Draconian Transmuter began the quest for the Orb.
     0 | D:1      | Reached XP level 1. HP: 16/16 MP: 3/3
   334 | D:1      | Reached XP level 2. HP: 21/23 MP: 5/5
   441 | D:1      | Learned a level 2 spell: Sticks to Snakes
   662 | D:2      | Reached XP level 3. HP: 21/29 MP: 4/6
  1235 | D:2      | Found a stormy altar of Qazlal.
  1460 | D:2      | Reached XP level 4. HP: 33/37 MP: 5/7
  1472 | D:2      | Learned a level 3 spell: Spider Form
  1562 | D:2      | Found a shimmering altar of Xom.
  1889 | D:2      | Reached skill level 4 in Unarmed Combat
  2523 | D:3      | Noticed a bullfrog
  2545 | D:3      | Slain by a bullfrog

Skill      XL: |  1  2  3  4 |
---------------+-------------+-----
Fighting       | 2 |  2.7
Unarmed Combat | 4 |  4.3
Transmutations | 3 |  3.0
Dodging        | |  1.7
Spellcasting   | |  2.0

Action                   |  1- 3 |  4- 6 || total
-------------------------+-------+-------++-------
Melee: Unarmed           |   107 |    66 ||   173
       Tailslap          |     9 |     2 ||    11
       Punch             |     1 |       ||     1
       Headbutt          |     2 |       ||     2
       Kick              |       |     3 ||     3
 Cast: Beastly Appendage |     4 |     2 ||     6
       Spider Form       |       |     9 ||     9
  Use: Scroll            |       |     2 ||     2
 Stab: Sleeping          |     3 |       ||     3
  Eat: Chunk             |     2 |     4 ||     6
Armor: Skin              |    32 |    10 ||    42
Dodge: Dodged            |    65 |    31 ||    96
